Map: Odyssey LE

Players

SamuraiFunn

  • Race: Protoss Protoss
  • League: Platinum
  • Spawn Location: 5:00

A.I. 1 (Very Hard) - Winner!

  • Race: Protoss Protoss
  • Spawn Location: 11:00

VOD

Have the link to the VOD?

Description

Time

  • Played on: Nov. 29, 2017, 10:04 p.m.
  • Length: 4:14
Show
View Real Time Build Order
Export as new Build Order

SamuraiFunn Protoss 

Build Orders:  

Get SALT Encoding   

  12  0:01  Probe  
  13  0:18  Probe  
  13  0:20  Pylon  
  14  0:31  Probe  
  15  0:45  Gateway  
  15  0:50  Probe (Chrono Boost)  
  16  1:02  Probe (Chrono Boost)  
  17  1:04  Probe  
  18  1:16  Probe  
  19  1:20  Assimilator  
  19  1:23  Pylon  
  19  1:28  Probe  
  20  1:33  Zealot  
  22  1:40  Probe  
  22  1:45  Cybernetics Core  
  23  1:54  Probe  
  24  2:06  Probe  
  25  2:15  Assimilator  
  25  2:18  Warp Gate  
  25  2:37  Gateway  
  25  2:40  Nexus  
  25  2:44  Pylon  
  25  2:45  Adept  
  27  2:51  Probe  
  28  3:03  Probe  
  29  3:14  Adept (Chrono Boost)  
  29  3:15  Probe  
  32  3:28  Probe  
  33  3:40  Adept x2  
  31  3:55  Probe x2  
  33  4:03  Gateway  
  33  4:04  Gateway  
  33  4:07  Gateway  
Show
View Real Time Build Order
Export as new Build Order

A.I. 1 (Very Hard) Protoss - Winner!

Build Orders:  

Get SALT Encoding   

  12  0:00  Probe  
  13  0:13  Probe  
  14  0:19  Pylon  
  14  0:25  Probe  
  15  0:37  Probe  
  15  0:40  Gateway  
  16  0:49  Assimilator, Probe  
  17  1:01  Pylon, Probe  
  18  1:13  Probe  
  19  1:25  Probe  
  19  1:27  Zealot  
  19  1:29  Cybernetics Core  
  22  1:37  Probe  
  23  1:41  Gateway  
  23  1:50  Probe  
  23  1:52  Pylon  
  24  2:00  Zealot  
  26  2:02  Probe  
  26  2:07  Warp Gate  
  27  2:14  Probe  
  28  2:18  Gateway  
  28  2:27  Adept  
  28  2:29  Adept  
  32  2:37  Pylon  
  32  2:38  Probe  
  33  2:50  Probe  
  34  2:54  Adept  
  34  2:56  Adept  
  38  3:05  Adept  
  40  3:09  Probe  
  40  3:10  Pylon  
  41  3:14  Assimilator  
  41  3:23  Adept  
  41  3:25  Adept  
  45  3:32  Adept  
  47  3:41  Twilight Council  
  45  4:03  Pylon  
Tags
 
League
Platinum
Matchup
PvP
Replay Pack
First 100 games
Spawn Locations
Cross Positions
Add a new tag
Caveats
  • Supply blocks, unpowered buildings, or Contaminate may cause inaccurate times.
  • Supply counts are checked every 10 seconds.